 Dungeon Crawl Stone Soup version 0.20-a0-1015-g2ec8a95 (webtiles) character file.

334324 winWinterter the Lord of Darkness (level 20, -4/158 HPs)
             Began as a Demonspawn Necromancer on Apr 14, 2017.
             Was the Champion of Kikubaaqudgha.
             Killed from afar by a spriggan air mage (32 damage)
             ... with a bolt of lightning
             ... led by a spriggan defender
             ... on level 3 of the Depths on Apr 15, 2017.
             The game lasted 06:33:39 (51507 turns).

winWinterter the Lord of Darkness (DsNe)           Turns: 51507, Time: 06:34:09

Health: -4/158     AC: 22    Str: 14    XL:     20   Next: 94%
Magic:  0/52       EV: 17    Int: 36    God:    Kikubaaqudgha [******]
Gold:   4868       SH:  0    Dex: 18    Spells: 4/47 levels left

rFire    + . .     SeeInvis +   S - +7 spear of Niont {protect, *Noise rN+ Int+10 Dex+2}
rCold    . . .     Gourm    .   (no shield)
rNeg     + . .     Faith    .   k - +4 moon troll leather armour {Spirit, Regen++ MP+5}
rPois    +         Spirit   +   w - +2 helmet {SInv}
rElec    .         Reflect  .   H - +0 cloak
rCorr    .         Harm     .   g - +2 pair of gloves
MR       ++...     Clarity  +   (boots unavailable)
Stlth    ++........             T - amulet of regeneration
Regen    2.6/turn               Y - ring of Ituab {+Fly Str+3 Int+5}
MPRegen  0.4/turn               W - ring of magical power

@: very slightly contaminated, regenerating, drained
A: hooves 3, iridescent scales 3, clarity, demonic guardian 2, fire resistance
1, magic resistance 1, poison resistance, spiny 1
}: 2/15 runes: decaying, gossamer
a: Receive Corpses, Torment, Renounce Religion, Evoke Flight


You were on level 3 of the Depths.
You worshipped Kikubaaqudgha.
Kikubaaqudgha was exalted by your worship.
You were not hungry.

You visited 8 branches of the dungeon, and saw 39 of its levels.
You also visited: Labyrinth, Ossuary and Wizlab.

You collected 5379 gold pieces.
You spent 511 gold pieces at shops.

Inventory:

Hand Weapons
 l - the +5 halberd "Lifebane" {freeze, *Slow MP+9 Int+5}
   (You found it in a labyrinth)

   It has been specially enchanted to freeze those struck by it, causing extra
   injury to most foes and up to half again as much damage against particularly
   susceptible opponents.
   It can also slow down cold-blooded creatures.
   It affects your intelligence (+5).
   It affects your magic capacity (+9).
   It may slow you when you take damage.
 S - the +7 spear of Niont (weapon) {protect, *Noise rN+ Int+10 Dex+2}
   (You found it on level 5 of the Lair of Beasts)

   It protects the one who uses it against injury (+AC on strike).
   It affects your intelligence (+10).
   It affects your dexterity (+2).
   It protects you from negative energy.
   It may make noises in combat.
Armour
 g - a +2 pair of gloves (worn)
 k - the +4 moon troll leather armour (worn) {Spirit, Regen++ MP+5}
   (You took it off a moon troll in a wizard's laboratory)

   It affects your magic capacity (+5).
   It increases your rate of regeneration.
 w - a +2 helmet of see invisible (worn)
 x - the +1 ring mail "Reiva" {rElec rCorr Str+4 Int+2}
   (You found it on level 7 of the Dungeon)

   It affects your strength (+4).
   It affects your intelligence (+2).
   It insulates you from electricity.
   It protects you from acid and corrosion.
 C - a +2 buckler of fire resistance
 H - a +0 cloak (worn)
Jewellery
 n - an uncursed amulet of harm {unknown}
 s - an uncursed ring of protection from fire
 T - an amulet of regeneration (around neck)
 W - a ring of magical power (right hand)
 Y - the ring of Ituab (left hand) {+Fly Str+3 Int+5}
   (You found it on level 3 of the Vaults)

   [ring of strength]

   It affects your strength (+3).
   It affects your intelligence (+5).
   It lets you fly.
Wands
 b - a wand of lightning (9/15)
 t - a wand of digging (14/24)
 G - a wand of acid (2/15)
 Z - a wand of lightning (2/15)
Scrolls
 h - 7 scrolls of enchant armour
 j - 5 scrolls of fear
 m - 6 scrolls of enchant weapon
 y - 5 scrolls of remove curse
 z - 5 scrolls of teleportation
 E - 4 scrolls of amnesia
 F - 3 scrolls of magic mapping
 L - a scroll of silence
 N - 10 scrolls of fog
 U - 4 scrolls of blinking
 V - 10 scrolls of identify
 X - 7 scrolls of recharging
Potions
 a - 3 potions of haste
 d - 7 potions of lignification
 e - 2 potions of magic
 f - 12 potions of curing
 o - 5 potions of berserk rage
 u - a potion of brilliance
 v - 6 potions of heal wounds
 A - 13 potions of mutation
 B - 7 potions of flight
 D - a potion of agility
 I - 2 potions of cancellation
 K - 2 potions of might
 P - 8 potions of ambrosia
 R - a potion of resistance
Books
 i - Lehudib's Reference Book on Excruciating Clay
   (You found it in a wizard's laboratory)

   Spells                             Type                      Level
   a - Flame Tongue                   Conjuration/Fire             1
   b - Dazzling Spray                 Conjuration/Hexes            3
   c - Bolt of Draining               Conjuration/Necromancy       5
   d - Spellforged Servitor           Conjuration/Summoning        7
   e - Lehudib's Crystal Spear        Conjuration/Earth            8
 q - a book of Dreams

   Spells                             Type                      Level
   a - Ensorcelled Hibernation        Hexes/Ice                    2
   b - Silence                        Hexes/Air                    5
   c - Darkness                       Hexes                        6
   d - Shadow Creatures               Summoning                    6
 O - a Necronomicon

   Spells                             Type                      Level
   a - Haunt                          Necromancy/Summoning         7
   b - Borgnjor's Revivification      Necromancy                   8
   c - Death's Door                   Charms/Necromancy            8
   d - Infestation                    Necromancy                   8
   e - Necromutation                  Transmutation/Necromancy     8
Comestibles
 c - 22 bread rations
 p - a royal jelly
 r - 6 meat rations


   Skills:
 * Level 13.6(13.5) Fighting
   Level 10.9(10.7) Maces & Flails
 + Level 12.6(12.4) Polearms
 + Level 6.4(6.3) Armour
 + Level 7.0(6.9) Dodging
 - Level 2.0(1.9) Stealth
 - Level 14.2(14.0) Spellcasting
 + Level 12.2(12.0) Conjurations
 - Level 3.3(3.2) Charms
 - Level 0.8(0.7) Summonings
 * Level 21.2(21.0) Necromancy
 - Level 10.0(9.9) Ice Magic


You had 4 spell levels left.
You knew the following spells:

 Your Spells              Type           Power        Failure   Level  Hunger
a - Bolt of Cold          Conj/Ice       #######...   3%          6    ##.....
b - Vampiric Draining     Necr           ########..   0%          3    None
c - Animate Dead          Necr           N/A          0%          4    None
d - Regeneration          Chrm/Necr      #######...   1%          3    None
e - Infestation           Necr           ########..   1%          8    ######.
f - Agony                 Necr           ########     0%          5    None
g - Dispel Undead         Necr           ########     0%          5    None
h - Simulacrum            Ice/Necr       #######...   1%          6    ##.....
i - Sublimation of Blood  Necr           ########..   0%          2    None
k - Summon Butterflies    Summ           ####....     1%          1    None


Dungeon Overview and Level Annotations

Branches:
Dungeon (15/15)            Temple (1/1) D:6            Lair (6/6) D:9
  Swamp (4/4) Lair:2       Spider (4/4) Lair:2        Slime (0/5) Lair:6
    Orc (2/2) D:12            Elf (0/3) Orc:2        Vaults (4/5) D:13
  Crypt (0/3) Vaults:2     Depths (3/5) D:15

Altars:
Ashenzari
Cheibriados
Dithmenos
Elyvilon
Fedhas
Gozag
Hepliaklqana
Kikubaaqudgha
Makhleb
Nemelex Xobeh
Okawaru
Qazlal
Ru
Sif Muna
Trog
Uskayaw
Vehumet
Wu Jian
Xom
Yredelemnul
Zin
The Shining One
Beogh

Shops:
D:4 (   D:9 *   D:11 (   Orc:2 =([[   Vaults:2 *   Depths:1 *

Portals:
Hell: Depths:1 Depths:2
Trove: Vaults:3 (give 15 scrolls of teleportation)

Annotations:
D:14 exclusion: orange crystal statue


Innate Abilities, Weirdness & Mutations

You have hooves in place of feet.
You are completely covered in iridescent scales. (AC +6)
A demonic guardian rushes to your aid.
You are partially covered in sharp spines.
You possess an exceptional clarity of mind.
Your flesh is heat resistant. (rF+)
You are resistant to hostile enchantments. (MR+)
Your system is resistant to poisons. (rPois)


Message History

Unknown command.
Unknown command.
Blink to where?
Press: ? - help, Dir - move target cursor You are very lightly contaminated with residual magic.
As you read the scroll of blinking, it crumbles to dust.
The spriggan defender hits your stone giant zombie with a demon whip of electrocution!
Lightning courses through your stone giant zombie!
The spriggan air mage gestures at you while chanting.
The bolt of lightning misses you. x2
Your stone giant zombie closely misses the tengu reaver.
Unknown command.
The tengu reaver gestures at you while chanting.
The bolt of poison hits you! You resist.
The spriggan air mage points at you and mumbles some strange words.
The bolt of lightning hits you!
* * * LOW HITPOINT WARNING * * *
The bolt of lightning hits you!
You die...
Kikubaaqudgha rasps: "You have failed me!
Welcome... death!"

......$.......%)..
...................
♣...♣.i.♣..%♣...♣..
.................
........*.......
#..#C).)......
#†(uZ)...#
#.@Qi.Z..#
###.DC§..# ###....#
##...# #...# #...#
##..# #.# .#


You could see a juggernaut, a frost giant, a fire dragon, a tengu reaver, a
spriggan defender, a red ugly thing, a spriggan air mage, a battlesphere and 2
friendly stone giant zombies.

Vanquished Creatures
  Arachne (Spider:2)
  A lich (Depths:1)
  Gastronok (D:10)
  A tengu reaver (Depths:2)
  The ghost of Nico3ck the Peltast, an adept GrFi of Okawaru (Spider:4)
  Donald (Spider:4)
  4 vault wardens
  2 ghost moths (Spider:4)
  A deep elf sorcerer (Vaults:2)
  3 fire giants
  The ghost of Monsterracer the Severer, a journeyman MiBe of Trog (Lair:6)
  4 very ugly things
  2 ironheart preservers
  4 stone giants
  Nessos (D:13)
  3 entropy weavers
  A deep elf annihilator (Vaults:2)
  A deep elf demonologist (Vaults:1)
  Azrael (Spider:2)
  Snorg (Lair:5)
  3 deep elf death magi
  5 ettins
  4 great orbs of eyes
  A minotaur (Lab)
  8 yaktaur captains
  2 fire dragons
  2 ice dragons
  Erolcha (Orc:2)
  2 rakshasas
  2 catoblepae
  10 hydras
  An anaconda (Lair:6)
  2 ghost crabs (Swamp:3)
  7 centaur warriors
  25 two-headed ogres
  8 ogre magi
  4 death yaks
  6 alligators
  Erica (D:8)
  2 tengu warriors
  A death knight (D:15)
  Urug (Lair:3)
  A vampire mage (D:15)
  2 orc high priests (Orc:2)
  A deep troll earth mage (Depths:1)
  2 spriggan berserkers (Depths:2)
  A fire crab (D:15)
  5 deep elf knights
  2 flayed ghosts
  A shadow wraith (Vaults:3)
  5 deep trolls
  A spriggan druid (Swamp:4)
  2 unseen horrors
  An unseen horror (shapeshifter) (D:15)
  4 deep elf archers
  An iron dragon zombie (D:15)
  Pikel (D:5)
  A necromancer (D:15)
  3 orc knights
  4 glowing orange brains
  An ironbrand convoker (Vaults:2)
  3 swamp dragons
  2 wizards
  A mana viper (shapeshifter) (Vaults:1)
  3 orc sorcerers
  6 orb spiders
  12 deep elf magi
  18 wolf spiders
  5 harpies
  25 ugly things
  4 cyclopes
  3 manticores
  2 moths of wrath (Spider:3)
  A frost giant zombie (D:15)
  Joseph (D:10)
  2 black mambas
  8 elephants
  A guardian serpent (D:10)
  A stone giant skeleton (D:15)
  A black mamba (shapeshifter) (D:11)
  2 eyes of devastation (WizLab)
  7 vault sentinels
  Maurice (D:13)
  Psyche (D:10)
  A torpor snail (Lair:5)
  2 gargoyles
  17 spiny frogs
  5 centaur skeletons
  4 kobold demonologists
  2 rime drakes (Lair:1)
  2 demonic crawlers (Spider:4)
  4 freezing wraiths
  4 tengu conjurers
  6 komodo dragons
  30 yaktaurs
  A polar bear (Lair:5)
  A guardian mummy (D:15)
  5 trolls
  A polar bear (shapeshifter) (Vaults:1)
  9 jumping spiders
  2 tyrant leeches (Swamp:1)
  6 hornets
  10 blink frogs
  15 slime creatures
  9 hippogriffs
  9 bog bodies
  3 dream sheep
  2 human simulacra
  A deep troll zombie (D:15)
  A meliai zombie (D:12)
  Sigmund (D:6)
  A shadow (D:14)
  50 redbacks
  2 spriggans
  A yak (shapeshifter) (D:14)
  A vampire (D:15)
  23 yaks
  A fire bat (shapeshifter) (Vaults:1)
  A spriggan (shapeshifter) (Vaults:1)
  17 tarantellas
  A wyvern (Lair:4)
  5 wraiths
  2 water elementals (Depths:1)
  3 basilisks
  3 hungry ghosts
  Edmund (D:4)
  A steam dragon (Lair:3)
  6 vampire mosquitoes
  2 acid dragons (D:13)
  11 swamp worms
  3 wargs
  7 insubstantial wisps
  7 water moccasins
  7 porcupines
  Duvessa (D:5)
  27 orc warriors
  3 hell hounds (Spider:2)
  A slave (D:5)
  5 swamp drakes
  8 sky beasts
  2 ice beasts
  2 eyes of draining (D:14)
  A phantom (D:4)
  A necrophage (D:11)
  6 boggarts
  9 centaurs
  13 ogres
  7 wolves (Lair:3)
  7 crocodiles
  6 big kobolds
  Blork the orc (D:6)
  A big kobold (shapeshifter) (Vaults:4)
  12 bullfrogs
  A wyvern skeleton (D:11)
  3 scorpions
  12 killer bees
  A spriggan skeleton (Lab)
  6 wights
  3 howler monkeys
  5 electric eels
  6 crimson imps
  4 jellies
  3 hounds
  15 orc priests
  4 bullfrog skeletons
  7 iguanas
  28 orc wizards
  A worker ant (shapeshifter) (D:15)
  5 worker ants
  6 hell rats
  A killer bee zombie (D:7)
  An ogre skeleton (Lab)
  A hound zombie (D:8)
  A hound skeleton (D:7)
  8 mummies (Ossuary)
  Robin (D:3)
  3 gnolls (D:4)
  11 adders
  6 river rats (Lair:6)
  2 shadow imps
  A white imp (Vaults:4)
  An ooze (D:3)
  2 adder zombies (D:9)
  2 adder skeletons (D:7)
  5 worms
  A dart slug (D:1)
  3 leopard geckos
  106 orcs
  5 bats
  3 giant cockroaches
  2 gnoll zombies (Ossuary)
  17 goblins
  9 hobgoblins
  4 jackals
  33 kobolds
  8 quokkas
  3 ball pythons
  4 frilled lizards
  2 goblin zombies (D:5)
  5 hobgoblin zombies (Ossuary)
  A jackal zombie (D:5)
  2 leopard gecko skeletons
  A leopard gecko zombie (D:7)
  An orc zombie (Ossuary)
  A quokka zombie (D:8)
  10 rats
  A crawling corpse (Vaults:1)
  A fungus (Lair:1)
  3 plants (Lair:6)
1086 creatures vanquished.

Vanquished Creatures (collateral kills)
  Bai Suzhen (Depths:2)
  Rupert (Lair:6)
  A tentacled monstrosity (Depths:2)
  A moon troll (WizLab)
  8 tentacled starspawn (WizLab)
  2 quicksilver dragons (WizLab)
  2 sphinxes
  2 thorn hunters (Swamp:4)
  Kirke (Lair:6)
  2 fire giants
  4 frost giants
  6 vault wardens
  3 emperor scorpions
  An orc warlord (Orc:2)
  A cacodemon (WizLab)
  2 ghost moths
  A spriggan defender (Depths:3)
  15 very ugly things
  3 starcursed masses (WizLab)
  An entropy weaver (Spider:3)
  8 ironheart preservers
  15 stone giants
  A vampire knight (Depths:1)
  3 dire elephants (Lair:6)
  A deep elf demonologist (Vaults:2)
  A deep elf annihilator (Depths:2)
  2 spark wasps
  A merfolk javelineer (Depths:2)
  Josephine (D:15)
  A crystal guardian (WizLab)
  7 fire dragons
  6 yaktaur captains
  5 great orbs of eyes
  A rakshasa (Depths:1)
  19 hydras
  7 ice dragons
  4 vault guards (D:13)
  8 ogre magi
  A ghost crab (Swamp:4)
  A spriggan air mage (Depths:2)
  A death knight (Vaults:4)
  4 centaur warriors
  3 deep troll shamans
  25 two-headed ogres
  A tengu warrior (D:13)
  A death yak (Lair:4)
  2 alligators (Swamp:4)
  2 deep troll earth magi
  Sonja (D:13)
  An iron troll (Depths:1)
  A spriggan (Depths:2)
  A shadow wraith (Vaults:4)
  4 deep elf knights
  A wretched star (WizLab)
  A skeletal warrior (D:15)
  3 spriggan druids
  4 glowing orange brains (WizLab)
  A wizard (Depths:1)
  A flayed ghost (Vaults:4)
  An orange crystal statue (WizLab)
  A phantasmal warrior (Vaults:4)
  8 swamp dragons
  15 deep trolls
  8 ironbrand convokers
  A shambling mangrove (Swamp:2)
  4 deep elf archers
  A swamp dragon (shapeshifter) (Depths:2)
  8 orc knights
  5 deep elf magi
  33 ugly things
  15 orb spiders
  2 harpies (Vaults:2)
  22 wolf spiders
  2 manticores
  A moth of wrath (Spider:4)
  8 elephants
  A black mamba (Lair:4)
  9 vault sentinels
  2 eyes of devastation (WizLab)
  5 komodo dragons
  A torpor snail (Spider:3)
  3 freezing wraiths
  7 spiny frogs
  31 yaktaurs
  7 demonic crawlers
  The ghost of anet the Magician, a novice DEWz (D:4)
  A tengu conjurer (Depths:2)
  A queen bee (Spider:1)
  A merfolk (shapeshifter) (Vaults:4)
  6 meliai
  Grinder (D:5)
  4 tyrant leeches
  20 jumping spiders
  A polar bear (Swamp:2)
  8 hornets
  3 hippogriffs
  14 slime creatures
  4 blink frogs
  3 water elementals (Depths:1)
  29 redbacks
  19 tarantellas
  A wraith (D:15)
  20 yaks
  A hog (shapeshifter) (Vaults:2)
  A fire bat (shapeshifter) (Depths:1)
  5 basilisks
  A fire elemental (Spider:2)
  3 vampire mosquitoes (Swamp:3)
  A steam dragon (D:11)
  4 swamp worms
  8 insubstantial wisps
  A soldier ant (shapeshifter) (Depths:2)
  An acid dragon (shapeshifter) (Vaults:4)
  4 water moccasins
  A hell hound (Spider:2)
  12 orc warriors
  A black bear (D:12)
  A sky beast (D:11)
  5 swamp drakes (Swamp:4)
  A necrophage (D:13)
  An eye of draining (shapeshifter) (Vaults:1)
  15 ogres
  A boggart (Vaults:1)
  An eye of draining (D:14)
  A centaur (Vaults:2)
  4 wolves (Lair:3)
  2 crocodiles
  A big kobold (D:14)
  4 bullfrogs
  Dowan (D:5)
  14 killer bees (Spider:1)
  A wight (D:7)
  An electric eel (Spider:2)
  A crimson imp (D:11)
  A centaur zombie (D:5)
  A hound (D:13)
  A quasit (D:7)
  4 orc priests
  2 centaur skeletons
  An iguana (D:14)
  5 orc wizards
  3 hell rats
  A gnoll (D:4)
  2 leopard geckos
  23 orcs
  A quokka (D:5)
  3 kobolds
  A briar patch (Swamp:4)
  A crawling corpse (Vaults:1)
  7 demonic plants (WizLab)
  A fungus (Lair:4)
  19 plants
  9 starspawn tentacles (WizLab)
732 creatures vanquished.

Vanquished Creatures (others)
  A tentacled starspawn (WizLab)
  A deep elf knight (Vaults:4)
  A deep troll (Vaults:2)
  A tyrant leech (Swamp:4)
  A hornet (Spider:4)
  2 tarantellas
  2 redbacks (Spider:4)
  3 humans (Lair:6)
  2 black bears (D:6)
  2 ogres
  An orc wizard (D:7)
  A worker ant (D:6)
  A kobold (D:14)
  3 demonic plants (WizLab)
  2 fungi
  15 plants
  10 starspawn tentacles (WizLab)
  4 withered plants (D:15)
53 creatures vanquished.

Grand Total: 1871 creatures vanquished

Notes
Turn   | Place    | Note
-------+----------+-------------------------------------------
     0 | D:1      | winWinterter the Demonspawn Necromancer began the quest for the Orb.
     0 | D:1      | Reached XP level 1. HP: 13/13 MP: 3/3
   454 | D:1      | Gained mutation: A weak demonic guardian rushes to your aid. [demonic ancestry]
   454 | D:1      | Reached XP level 2. HP: 20/20 MP: 3/5
   716 | D:1      | Reached skill level 5 in Necromancy
   882 | D:1      | Reached XP level 3. HP: 25/25 MP: 3/6
  2100 | D:2      | Reached skill level 1 in Fighting
  2238 | D:2      | Gained mutation: You are partially covered in iridescent scales. (AC +2) [demonic ancestry]
  2238 | D:2      | Reached XP level 4. HP: 31/32 MP: 5/8
  2476 | D:3      | Learned a level 3 spell: Vampiric Draining
  2481 | D:3      | Learned a level 4 spell: Animate Dead
  2925 | D:3      | Gained mutation: You have large cloven feet. [demonic ancestry]
  2925 | D:3      | Reached XP level 5. HP: 34/38 MP: 6/9
  3023 | D:3      | Gained mutation: Armour fits poorly on your strangely shaped body. [potion of mutation]
  3023 | D:3      | Gained mutation: Scrolls take you a little longer to read. [potion of mutation]
  3023 | D:3      | Gained mutation: Your system is resistant to poisons. (rPois) [potion of mutation]
  3399 | D:3      | Reached skill level 6 in Necromancy
  3444 | D:3      | Noticed Robin
  3526 | D:3      | Killed Robin
  3598 | D:3      | Found a glowing golden altar of the Shining One.
  3946 | D:4      | Noticed anet's ghost (novice DEWz)
  3976 | D:3      | Reached skill level 1 in Maces & Flails
  4141 | D:3      | Gained mutation: You have hoof-like feet. [demonic ancestry]
  4141 | D:3      | Reached XP level 6. HP: 26/44 MP: 4/10
  4438 | D:4      | Killed anet's ghost
  4809 | D:4      | Reached XP level 7. HP: 48/50 MP: 7/11
  5040 | D:4      | Noticed Edmund
  5052 | D:4      | Killed Edmund
  5168 | D:4      | Found a shattered altar of Ashenzari.
  5186 | D:4      | Found Zafaoq's Weapon Emporium.
  5215 | D:4      | Reached skill level 5 in Maces & Flails
  5220 | D:4      | Learned a level 3 spell: Regeneration
  5452 | D:5      | Entered Level 5 of the Dungeon
  5452 | D:5      | Found a sand-covered staircase.
  5488 | Ossuary  | Entered an ossuary
  6377 | Ossuary  | Gained mutation: You are mostly covered in iridescent scales. (AC +4) [demonic ancestry]
  6377 | Ossuary  | Reached XP level 8. HP: 57/57 MP: 12/12
  6615 | D:5      | Noticed Grinder
  6623 | D:5      | Paralysed by Grinder for 3 turns
  6633 | D:5      | Killed Grinder
  6633 | D:5      | Reached skill level 1 in Charms
  6903 | D:5      | Noticed Duvessa
  6905 | D:5      | Noticed Dowan
  6907 | D:5      | Reached skill level 7 in Necromancy
  6922 | D:5      | Killed Duvessa
  6934 | D:5      | Killed Dowan
  7507 | D:6      | Noticed Pikel
  7512 | D:6      | Noticed Sigmund
  7552 | D:5      | Killed Pikel
  7552 | D:5      | Gained mutation: You are partially covered in sharp spines. [demonic ancestry]
  7552 | D:5      | Reached XP level 9. HP: 22/65 MP: 9/13
  7844 | D:6      | Killed Sigmund
  8014 | D:6      | Found a staircase to the Ecumenical Temple.
  8027 | Temple   | Entered the Ecumenical Temple
  8097 | Temple   | Became a worshipper of Kikubaaqudgha
  8169 | D:6      | Found an opulent altar of Gozag.
  8180 | D:6      | Found a bloodstained altar of Trog.
  8196 | D:6      | Noticed Blork the orc
  8206 | D:6      | Killed Blork the orc
  8284 | D:6      | Found a sacrificial altar of Ru.
  8319 | D:6      | Found a burning altar of Makhleb.
  8323 | D:6      | Found a glowing silver altar of Zin.
  8323 | D:6      | Noticed an angel
  8324 | D:6      | Noticed a cacodemon
  8421 | D:6      | Reached skill level 8 in Necromancy
  9155 | D:7      | Found a basalt altar of Yredelemnul.
  9269 | D:7      | Found a snail-covered altar of Cheibriados.
  9272 | D:7      | Found a deep blue altar of Sif Muna.
  9275 | D:7      | Found a shimmering altar of Xom.
  9298 | D:7      | Found a shadowy altar of Dithmenos.
  9731 | D:7      | Reached * piety under Kikubaaqudgha
  9731 | D:7      | Identified Kikubaaqudgha's Handbook of Black Rituals (Kikubaaqudgha gifted it to you on level 7 of the Dungeon)
  9731 | D:7      | Received a gift from Kikubaaqudgha
  9825 | D:7      | Lost mutation: Armour fits poorly on your strangely shaped body. [potion of mutation]
  9825 | D:7      | Lost mutation: Scrolls take you a little longer to read. [potion of mutation]
  9825 | D:7      | Gained mutation: You possess an exceptional clarity of mind. [potion of mutation]
  9825 | D:7      | Gained mutation: Your flesh is heat resistant. (rF+) [potion of mutation]
  9825 | D:7      | Gained mutation: You are resistant to hostile enchantments. (MR+) [potion of mutation]
 10140 | D:8      | Noticed Erica
 10155 | D:8      | Killed Erica
 10155 | D:8      | Reached XP level 10. HP: 51/73 MP: 0/15
 10353 | D:8      | Noticed a two-headed ogre
 10354 | D:8      | Reached skill level 1 in Armour
 10907 | D:7      | Got an emerald-encrusted ring mail
 10909 | D:7      | Identified the +1 ring mail "Reiva" {rElec rCorr Str+4 Int+2} (You found it on level 7 of the Dungeon)
 10974 | D:8      | Noticed a two-headed ogre
 11000 | D:8      | Reached skill level 9 in Necromancy
 11156 | D:8      | Found a burning altar of Makhleb.
 11159 | D:8      | Noticed a blizzard demon
 11564 | D:9      | Found Yguisek's General Store.
 11581 | D:9      | Killed a two-headed ogre
 11802 | D:8      | Reached skill level 5 in Fighting
 12120 | D:9      | Reached skill level 5 in Spellcasting
 12161 | D:9      | Found a staircase to the Lair.
 12531 | Lair:1   | Entered Level 1 of the Lair of Beasts
 12662 | Lair:1   | Noticed a spiny frog
 12674 | Lair:1   | Killed a spiny frog
 12674 | Lair:1   | Reached ** piety under Kikubaaqudgha
 12674 | Lair:1   | Reached skill level 10 in Necromancy
 12701 | Lair:1   | Noticed a spiny frog
 12789 | Lair:1   | Killed a spiny frog
 12819 | Lair:1   | Reached XP level 11. HP: 75/80 MP: 11/19
 13495 | Lair:1   | Reached skill level 11 in Necromancy
 13792 | Lair:1   | Noticed a five-headed hydra
 13814 | Lair:1   | Killed a five-headed hydra
 14213 | Lair:2   | Found a staircase to the Swamp.
 14410 | Lair:2   | Noticed a four-headed hydra
 14423 | Lair:2   | Killed a four-headed hydra
 14430 | Lair:2   | Learned a level 4 spell: Sticky Flame
 14524 | Lair:2   | Found a hole to the Spider Nest.
 14524 | Lair:2   | Noticed an orb spider
 14554 | Lair:2   | Killed an orb spider
 14822 | Lair:2   | Reached skill level 1 in Conjurations
 15130 | Lair:3   | Reached skill level 10 in Maces & Flails
 15235 | Lair:3   | Reached XP level 12. HP: 52/87 MP: 0/24
 15289 | Lair:3   | Reached *** piety under Kikubaaqudgha
 15289 | Lair:3   | Identified Kikubaaqudgha's Catalogue of Unholy Secrets (Kikubaaqudgha gifted it to you on level 3 of the Lair of Beasts)
 15289 | Lair:3   | Received a gift from Kikubaaqudgha
 15488 | Lair:3   | Noticed a four-headed hydra
 15496 | Lair:3   | Killed a four-headed hydra
 15643 | Lair:3   | Noticed Urug
 15660 | Lair:3   | Killed Urug
 15970 | Lair:3   | Learned a level 5 spell: Agony
 15976 | Lair:3   | Learned a level 5 spell: Dispel Undead
 15980 | Lair:3   | Got a pitted quarterstaff
 15981 | Lair:3   | Identified the cursed +0 quarterstaff of the Boiling Point {vamp, rPois Str+3 Dex+3} (You found it on level 3 of the Lair of Beasts)
 15988 | Lair:4   | Noticed a four-headed hydra
 15993 | Lair:4   | Killed a four-headed hydra
 15993 | Lair:4   | Reached skill level 5 in Dodging
 16066 | Lair:4   | Noticed a catoblepas
 16079 | Lair:4   | Noticed a death yak
 16130 | Lair:4   | Killed a death yak
 16494 | Lair:4   | Killed a catoblepas
 16818 | Lair:4   | Reached **** piety under Kikubaaqudgha
 16886 | Lair:4   | Reached skill level 12 in Necromancy
 17374 | Lair:4   | Noticed a death yak
 17375 | Lair:4   | Noticed a death yak
 17387 | Lair:4   | Noticed a death yak
 17393 | Lair:4   | Noticed a death yak
 17397 | Lair:4   | Killed a death yak
 17431 | Lair:3   | Killed a death yak
 17703 | Lair:4   | Killed a death yak
 17703 | Lair:4   | Reached skill level 10 in Spellcasting
 17703 | Lair:4   | Gained mutation: A demonic guardian rushes to your aid. [demonic ancestry]
 17703 | Lair:4   | Reached XP level 13. HP: 36/96 MP: 7/27
 18225 | Lair:5   | Got a bloodstained spear
 18226 | Lair:5   | Identified the +7 spear of Niont {protect, *Noise rN+ Int+10 Dex+2} (You found it on level 5 of the Lair of Beasts)
 18457 | Lair:5   | Noticed Snorg
 18464 | Lair:5   | Killed Snorg
 18464 | Lair:5   | Reached skill level 1 in Polearms
 18891 | D:10     | Entered Level 10 of the Dungeon
 18959 | D:10     | Noticed Gastronok
 18968 | D:10     | Killed Gastronok
 19032 | D:9      | Learned a level 6 spell: Simulacrum
 19142 | D:10     | Noticed Joseph
 19143 | D:10     | Noticed Psyche
 19149 | D:10     | Killed Joseph
 19152 | D:10     | Killed Psyche
 19597 | D:11     | Reached ***** piety under Kikubaaqudgha
 19705 | D:11     | Reached skill level 5 in Polearms
 20056 | D:11     | Found Piush's Weapon Shop.
 20162 | D:11     | Reached skill level 1 in Ice Magic
 20605 | D:12     | Found a staircase to the Orcish Mines.
 20615 | D:12     | Found a roughly hewn altar of Beogh.
 20808 | D:12     | Reached skill level 13 in Necromancy
 21387 | D:13     | Noticed Sonja
 21460 | D:13     | Noticed Nessos
 21628 | Lair:6   | Entered Level 6 of the Lair of Beasts
 21782 | Lair:6   | Found a staircase to the Slime Pits.
 21791 | Lair:6   | Noticed Monsterracer's ghost (journeyman MiBe)
 21796 | Lair:6   | Killed Monsterracer's ghost
 21796 | Lair:6   | Reached XP level 14. HP: 97/105 MP: 13/28
 21871 | Lair:6   | Reached ****** piety under Kikubaaqudgha
 21874 | Lair:6   | Received a gift from Kikubaaqudgha
 22145 | Lair:6   | Noticed Kirke
 22155 | Lair:6   | Killed Kirke
 22181 | Lair:6   | Noticed Rupert
 22188 | Lair:6   | Killed Rupert
 22488 | Lair:6   | Got a bloodstained flail
 22489 | Lair:6   | Identified the +9 flail "Iqivames" {flame, rElec} (You found it on level 6 of the Lair of Beasts)
 23358 | Orc:1    | Entered Level 1 of the Orcish Mines
 23587 | Orc:2    | Entered Level 2 of the Orcish Mines
 23784 | Orc:1    | Found a roughly hewn altar of Beogh.
 23961 | Orc:2    | Found a labyrinth entrance.
 23973 | Lab      | Entered a labyrinth
 25459 | Lab      | Reached skill level 14 in Necromancy
 25481 | Lab      | Got a smoking halberd
 25482 | Lab      | Identified the +5 halberd "Lifebane" {freeze, *Slow MP+9 Int+5} (You found it in a labyrinth)
 25594 | Orc:2    | Found a roughly hewn altar of Beogh.
 25645 | Orc:2    | Found a staircase to the Elven Halls.
 25662 | Orc:2    | Noticed Erolcha
 25667 | Orc:2    | Killed Erolcha
 25675 | Orc:2    | Found a roughly hewn altar of Beogh.
 25786 | Orc:2    | Found a roughly hewn altar of Beogh.
 25867 | Orc:2    | Found a roughly hewn altar of Beogh.
 25867 | Orc:2    | Found Ugiahap's Armour Shoppe.
 26081 | Orc:2    | Found a roughly hewn altar of Beogh.
 26457 | Orc:2    | Found a roughly hewn altar of Beogh.
 26563 | Orc:2    | Noticed an orc warlord
 26579 | Orc:2    | Killed an orc warlord
 26818 | Orc:2    | Found Innorogh's Jewellery Emporium.
 26947 | Orc:2    | Found Sivymufuj's Antique Weapon Shop.
 26948 | Orc:2    | Found a roughly hewn altar of Beogh.
 26951 | Orc:2    | Found Ripar's Antique Armour Boutique.
 27066 | Orc:2    | Bought a +0 pair of boots for 49 gold pieces
 27173 | Orc:2    | Bought a shiny helmet for 262 gold pieces
 27434 | Swamp:1  | Entered Level 1 of the Swamp
 27460 | Lair:2   | Learned a level 2 spell: Sublimation of Blood
 27482 | Swamp:1  | Upgraded the game from 0.20-a0-1008-g0de3dc5 to 0.20-a0-1015-g2ec8a95
 27778 | Swamp:1  | Reached skill level 5 in Armour
 28413 | Swamp:2  | Reached XP level 15. HP: 90/114 MP: 4/30
 28446 | Swamp:2  | Reached skill level 10 in Fighting
 29026 | Swamp:2  | Reached skill level 15 in Necromancy
 29693 | Swamp:3  | Learned a level 2 spell: Swiftness
 30087 | Swamp:4  | Entered Level 4 of the Swamp
 30236 | Swamp:4  | Noticed a thorn hunter
 30245 | Swamp:4  | Killed a thorn hunter
 30275 | Swamp:4  | Reached skill level 5 in Ice Magic
 30408 | Swamp:4  | Noticed a thorn hunter
 30421 | Swamp:4  | Killed a thorn hunter
 30438 | Swamp:4  | Learned a level 1 spell: Summon Butterflies
 30711 | Swamp:4  | Got a decaying rune of Zot
 31290 | D:9      | Learned a level 6 spell: Bolt of Cold
 31438 | D:13     | Killed Nessos
 31445 | D:13     | Killed Sonja
 31530 | D:13     | Reached XP level 16. HP: 88/124 MP: 0/32
 31582 | D:13     | Noticed Maurice
 31589 | D:13     | Killed Maurice
 31824 | D:13     | Found a gate to the Vaults.
 32747 | D:14     | Reached skill level 5 in Conjurations
 33404 | D:15     | Entered Level 15 of the Dungeon
 33959 | D:15     | Noticed Josephine
 33975 | D:15     | HP: 2/124 [meliai/divine providence (12)]
 34053 | D:15     | Killed Josephine
 34676 | D:15     | Found a staircase to the Depths.
 35886 | Spider:1 | Entered Level 1 of the Spider Nest
 36165 | Spider:1 | Gained mutation: You are completely covered in iridescent scales. (AC +6) [demonic ancestry]
 36165 | Spider:1 | Reached XP level 17. HP: 126/130 MP: 33/33
 36221 | Spider:1 | Reached skill level 10 in Ice Magic
 36911 | Spider:2 | Reached skill level 10 in Conjurations
 36914 | Spider:2 | Noticed Arachne
 36928 | Spider:2 | Killed Arachne
 37108 | Spider:2 | Noticed Azrael
 37125 | Spider:2 | Killed Azrael
 37473 | Spider:2 | Reached skill level 16 in Necromancy
 38891 | Spider:4 | Entered Level 4 of the Spider Nest
 38916 | Spider:4 | Noticed Donald
 38926 | Spider:4 | Killed Donald
 39347 | Spider:4 | Noticed Nico3ck's ghost (adept GrFi)
 39377 | Spider:4 | Killed Nico3ck's ghost
 39847 | Spider:4 | Got a gossamer rune of Zot
 40512 | Vaults:1 | Entered Level 1 of the Vaults
 40581 | Vaults:1 | Reached XP level 18. HP: 132/138 MP: 16/35
 41262 | Vaults:1 | Reached skill level 17 in Necromancy
 42014 | Vaults:1 | Reached skill level 10 in Polearms
 43316 | Vaults:2 | Found a staircase to the Crypt.
 43316 | Vaults:2 | Found an ancient bone altar of Kikubaaqudgha.
 43341 | Vaults:2 | Found a basalt altar of Yredelemnul.
 43520 | Vaults:2 | Learned a level 8 spell: Infestation
 44235 | Vaults:2 | Reached XP level 19. HP: 139/146 MP: 36/36
 44401 | Vaults:2 | Found Maca's General Store.
 44496 | Vaults:3 | Found a portal to a secret trove of treasure.
 44687 | Vaults:3 | Reached skill level 18 in Necromancy
 45046 | Vaults:3 | Got a transparent granite ring
 45111 | Vaults:3 | Identified the ring of Ituab {+Fly Str+3 Int+5} (You found it on level 3 of the Vaults)
 46379 | Vaults:4 | Noticed a golden dragon
 46716 | Vaults:4 | Reached skill level 19 in Necromancy
 47658 | Vaults:4 | Gained mutation: You have hooves in place of feet. [demonic ancestry]
 47658 | Vaults:4 | Reached XP level 20. HP: 145/155 MP: 38/38
 48042 | Depths:1 | Entered Level 1 of the Depths
 48333 | Depths:1 | Found Cetsoff's Hallowed Reliquary.
 48335 | Depths:1 | Found a white marble altar of Elyvilon.
 48341 | Depths:1 | Bought a potion of heal wounds for 100 gold pieces
 48341 | Depths:1 | Bought a potion of heal wounds for 100 gold pieces
 48611 | Depths:1 | Found a magical portal.
 48618 | WizLab   | Entered Lehudib's Moon Base
 48935 | WizLab   | Reached skill level 20 in Necromancy
 49502 | WizLab   | Got a bloodstained robe
 49513 | WizLab   | Identified the cursed +0 robe "Hepeyxef" {rElec MR- rCorr Int+3 Stlth+} (You found it in a wizard's laboratory)
 49548 | WizLab   | Identified Lehudib's Reference Book on Excruciating Clay
 49749 | Depths:1 | Found a gateway to Hell.
 51108 | Depths:2 | Noticed Bai Suzhen
 51134 | Depths:2 | Killed Bai Suzhen
 51176 | Depths:2 | Reached skill level 21 in Necromancy
 51287 | Depths:2 | Got a spiked ring mail
 51292 | Depths:2 | Identified the +5 ring mail of Fegi {+Blink rF+ Str-2} (You found it on level 2 of the Depths)
 51461 | Depths:3 | Noticed a juggernaut
 51507 | Depths:3 | Killed from afar by a spriggan air mage

Vault maps used:
D:1:      dpeg_arrival_arbitrary_c, minmay_misc_feat_diagonals
D:2:      first_bread
D:3:      nicolae_tso_carved_into_rock, grunt_ministairs_12, uniq_robin
D:4:      kennysheep_little_box, serial_shops, kennysheep_mini_moat,
          kennysheep_generic_room_14, uniq_edmund
D:5:      enter_ossuary_3, uniq_duvessa, uniq_grinder
D:6:      grunt_temple_overflow_order_and_chaos_2, lemuel_doored_altar,
          trog_ov_bears_minmay, grunt_gozag_statues, minmay_temple_entry_mist,
          uniq_blork_the_orc, uniq_sigmund, uniq_pikel
D:7:      kennysheep_six_static_rooms, grunt_temple_overflow_cloverleaf,
          nicolae_overflow_crystal_walls, the_bakery
D:8:      cheibrodos_helix_gallery, corexii_corridor_pit,
          makhleb_altar_promises_db, uniq_erica
D:9:      lair_entry_dummy, serial_shops, nicolae_shop_waterfront
D:10:     minivault_22, nrook_guardian_serpent_ordinary, uniq_joseph,
          uniq_psyche, uniq_gastronok
D:11:     serial_shops, shop_statue
D:12:     minmay_orc_entry_temple_small
D:13:     lightli_vaults_fourway_checkpoint, uniq_sonja, uniq_maurice,
          uniq_nessos
D:14:     minmay_statue_bubble
D:15:     gammafunk_depths_entry_grave, minmay_door_square, serial_bayou_pond_d,
          stair_cage_line, grunt_potential, uniq_josephine
Temple:   eino_wide_crystal_templ
Lair:1:   portal_ice_cave_rime, serial_bayou_shore_b
Lair:2:   minmay_swamp_entry_reptiles, nicolae_spider_entry_orb_guardian,
          columned_hall_lemuel, st_stairs_10, serial_bayou_shore_a
Lair:3:   kennysheep_basilisk_garden, grunt_megastairs_2, uniq_urug
Lair:4:   nicolae_lair_yak_garden, grunt_megastairs_5
Lair:5:   grunt_megastairs_3, lemuel_fruit_tree, uniq_snorg
Lair:6:   due_jungle_book, slime_dummy, kennysheep_abandoned_house, uniq_kirke,
          uniq_rupert
Swamp:1:  serial_swamp_ruin, evilmike_swamp_ruin_rubble_1,
          evilmike_swamp_ruin_house_6, swamp_pool1
Swamp:2:  nicolae_swamp_stair_fork
Swamp:3:  hangedman_swamp_blocks
Swamp:4:  swamp, infiniplex_staircase_pool_2
Spider:1: special_room
Spider:2: uniq_azrael, uniq_arachne
Spider:3: spider_trap
Spider:4: grunt_spider_rune_parallel, uniq_donald
Orc:1:    mines2_david
Orc:2:    grunt_orc_community_town_hall, grunt_orc_community_big_house_1,
          grunt_orc_community_big_house_1, grunt_orc_community_house_1,
          grunt_orc_community_house_2, grunt_orc_community_house_2,
          grunt_orc_community_house_3, grunt_orc_community_house_1,
          lab_entry_generic, uniq_erolcha
Vaults:1: nicolae_vaults_network_barrier, v_misc_2,
          nicolae_vaults_little_squares_6, ontoclasm_vaults_twist, v_misc_25,
          nicolae_vaults_fighting_squares, dpeg_vaults_monster_row, v_misc_16,
          hangedman_vaults_variations, ontoclasm_vaults_ring_small,
          grunt_vaults_funnel, vaults_room_stairs_pillars,
          nicolae_vaults_alarming, ontoclasm_vaults_bender
Vaults:2: minmay_crypt_entry_necro_gods, v_alt_pattern_2,
          hangedman_vaults_locks, dpeg_vaults_waves, v_misc_15, v_alt_pattern_1,
          v_misc_4, v_misc_31, vaults_room_semicircle, ontoclasm_vaults_chip,
          vaults_room_large_hall, nicolae_vaults_little_squares_6,
          ontoclasm_vaults_ring_small, serial_shops, shop
Vaults:3: v_pattern_3, nicolae_vaults_network_quinsquares,
          hangedman_vaults_slither, nicolae_vaults_little_ls,
          hangedman_vaults_river_flow, nicolae_vaults_little_squares_6,
          v_misc_14, nicolae_trove_entry_free_sample
Vaults:4: vaults_mumra_minichess_inversion, v_misc_12, nicolae_vaults_triangles,
          ontoclasm_vaults_ligature, ontoclasm_vaults_hangar,
          vaults_room_stairs_pillars, ontoclasm_vaults_eye,
          hangedman_vaults_corner, vaults_mumra_chevron_long,
          nicolae_vaults_specimen_jars, vaults_room_grunt_arrival_ludios,
          serial_ice_b
Depths:1: serial_bayou_lagoon_a, pf_coc_iceberg, infiniplex_enter_wizlab_spiral,
          nicolae_good_shop
Depths:2: hourglass_vault, serial_bayou_pond_d, hangedman_tar_grid_catacomb,
          serial_curves, eino_curves_04, eino_curves_01, uniq_bai_suzhen
Depths:3: lightli_eight_chambers, hell_entry, rand_demon_pan_entry_1,
          minmay_staircase_windowed_small, serial_shops, shop,
          kennysheep_random_hallway, serial_bayou_shore_b
Lab:      nicolae_lab_statue, nicolae_lab_plus, nicolae_lab_hexagon
Ossuary:  ossuary_tomb_3
WizLab:   wizlab_lehudib

Skill      XL: |  1  2  3  4  5  6  7  8  9 10 11 12 13 14 15 16 17 18 19 20 |
---------------+-------------------------------------------------------------+-----
Necromancy     | 5 6 7 8 10 11 12 13 14 15 16 17 19 21 | 21.2
Fighting       | 1 2 3 4 5 7 8 9 10 11 12 13 | 13.6
Spellcasting   | 3 5 8 10 11 12 13 14 | 14.2
Stealth        | 2 |  2.0
Maces & Flails | 1 4 5 7 9 10 | 10.9
Dodging        | 2 3 4 5 6 7 |  7.0
Charms         | 2 3 |  3.3
Armour         | 2 3 4 5 6 |  6.4
Conjurations   | 1 2 3 8 11 12 | 12.2
Polearms       | 5 7 8 9 10 11 12 | 12.6
Ice Magic      | 2 4 5 9 10 | 10.0
Summonings     | |  0.8

Action                   |  1- 3 |  4- 6 |  7- 9 | 10-12 | 13-15 | 16-18 | 19-21 || total
-------------------------+-------+-------+-------+-------+-------+-------+-------++-------
Melee: Unarmed           |     4 |       |       |       |       |       |       ||     4
       Dagger            |     9 |    15 |       |       |       |       |       ||    24
       Short sword       |       |     3 |       |       |       |       |       ||     3
       Mace              |       |   101 |    41 |       |       |       |       ||   142
       Kick              |       |    14 |    73 |   139 |   247 |       |    77 ||   550
       Flail             |       |       |   280 |   445 |    27 |       |       ||   752
       Spear             |       |       |       |       |  1183 |  1301 |   430 ||  2914
       Halberd           |       |       |       |       |       |   244 |   306 ||   550
 Cast: Pain              |    79 |    82 |    85 |   212 |   110 |       |       ||   568
       Vampiric Draining |       |     1 |    13 |    46 |    38 |     5 |     2 ||   105
       Animate Dead      |       |       |     7 |    38 |    94 |   126 |    71 ||   336
       Regeneration      |       |       |     4 |     1 |     4 |    15 |     6 ||    30
       Agony             |       |       |       |    22 |   162 |    94 |    38 ||   316
       Dispel Undead     |       |       |       |       |    22 |    31 |     8 ||    61
       Sublimation of Bl |       |       |       |       |     2 |     3 |     3 ||     8
       Simulacrum        |       |       |       |       |       |    25 |    22 ||    47
       Summon Butterflie |       |       |       |       |       |    10 |       ||    10
       Bolt of Cold      |       |       |       |       |       |    66 |    39 ||   105
       Infestation       |       |       |       |       |       |       |    19 ||    19
Invok: Receive Corpses   |       |       |       |     3 |     9 |    18 |    27 ||    57
       Receive Necronomi |       |       |       |       |     1 |       |       ||     1
       Torment           |       |       |       |       |       |     1 |       ||     1
Evoke: Wand              |       |       |       |       |    20 |     3 |       ||    23
  Use: Scroll            |       |     7 |    11 |    12 |    21 |     7 |     6 ||    64
       Potion            |       |     4 |     4 |     3 |     6 |     6 |     4 ||    27
 Stab: Sleeping          |       |     2 |     3 |       |     1 |       |       ||     6
       Distracted        |       |       |     2 |     4 |    15 |    30 |    21 ||    72
       Invisible         |       |       |       |       |       |     3 |       ||     3
  Eat: Meat ration       |     1 |       |     1 |     1 |     4 |     3 |     4 ||    14
       Chunk             |       |     8 |     7 |    15 |    15 |     9 |    19 ||    73
       Fruit             |       |       |     8 |     6 |    13 |     2 |     3 ||    32
       Royal jelly       |       |       |     1 |     2 |     2 |    15 |     1 ||    21
       Bread ration      |       |       |       |     1 |       |     1 |       ||     2
Armor: Robe              |     2 |    46 |    97 |       |       |       |       ||   145
       Skin              |       |     6 |       |       |       |       |       ||     6
       Leather armour    |       |       |     7 |    74 |       |       |       ||    81
       Ring mail         |       |       |       |   129 |   354 |   542 |   107 ||  1132
       Troll leather arm |       |       |       |       |       |       |    52 ||    52
Dodge: Dodged            |    19 |   100 |   194 |   245 |   492 |   583 |   267 ||  1900
